 Dungeon Crawl Stone Soup version 0.28-a0-1234-g826d19b2e0 (webtiles) character file.

Game seed: 1542005447037551928

466 bearlyready the Skirmisher (level 6, -2/53 HPs)
             Began as a Demonspawn Artificer on Dec 23, 2021.
             Slain by a quokka (4 damage)
             ... on level 4 of the Dungeon.
             The game lasted 00:06:53 (4904 turns).

bearlyready the Skirmisher (Demonspawn Artificer)   Turns: 4904, Time: 00:06:54

Health: -2/53      AC:  7    Str: 13    XL:     6   Next: 81%
Magic:  6/6        EV: 11    Int: 12    God:
Gold:   62         SH:  0    Dex: 15    Spells: 5/5 levels left

rFire   . . .      SeeInvis +   B - +4 short sword
rCold   . . .      Faith    .   (no shield)
rNeg    + . .      Spirit   .   y - +1 animal skin
rPois   .          Reflect  .   (helmet restricted)
rElec   .          Harm     .   z - +1 cloak
rCorr   .          Rampage  .   (no gloves)
Will    .....                   (no boots)
Stlth   ++........              (no amulet)
HPRegen 0.17/turn               a - ring of see invisible
MPRegen 0.20/turn               j - ring of positive energy

@: mighty, lethally poisoned (-2 -> -11), studying Crossbows
A: horns 1, molten scales 1, magic regeneration
a: no special abilities


You were on level 4 of the Dungeon.
You visited 1 branch of the dungeon, and saw 5 of its levels.

You collected 62 gold pieces.

Inventory:

Hand Weapons
 f - a +0 dagger
 m - a +0 dagger of speed
 x - a +0 dagger of draining
 B - a +4 short sword (weapon)
Missiles
 b - 6 javelins
 g - 86 stones (quivered)
 q - 23 bolts
Armour
 y - a +1 animal skin (worn)
 z - a +1 cloak (worn)
Jewellery
 a - a ring of see invisible (left hand)
 j - a ring of positive energy (right hand)
Wands
 d - a wand of charming (10)
 w - a wand of iceblast (3)
Scrolls
 h - a scroll of teleportation {unknown}
 i - 4 scrolls of identify {unknown}
 n - a scroll of silence {unknown}
 p - 2 scrolls of blinking {unknown}
 r - a scroll of summoning {unknown}
 s - a scroll of amnesia {unknown}
 t - a scroll of enchant weapon {unknown}
 A - a scroll of magic mapping {unknown}
Potions
 c - a potion of might
 k - a potion of haste {unknown}
 l - 2 potions of heal wounds {unknown}
 o - a potion of degeneration {unknown}
 u - a potion of brilliance {unknown}
 v - 3 potions of curing {unknown}
Miscellaneous
 e - a piece from Xom's chessboard (14/15)


   Skills:
 + Level 6.6 Fighting
 - Level 1.7 Armour
 - Level 0.8 Dodging
 - Level 0.8 Stealth
 - Level 4.0 Evocations


You had 5 spell levels left.
You didn't know any spells.
Your spell library was empty.

Dungeon Overview and Level Annotations

Branches:
Dungeon (5/15)
 Temple: D:4-7

Altars:
Cheibriados
Yredelemnul


Innate Abilities, Weirdness & Mutations

You have a pair of small horns on your head.
You are partially covered in molten scales. (AC +2)
You regenerate magic rapidly.


Message History

The adder hisses angrily.
The ice beast stops moving altogether!
A sky beast comes into view.
The sky beast flickers out of sight for a moment.
Aiming: Charm
Press: ? - help, Shift-Dir - straight line, f - adder
Aim: an adder (chance to affect: 67%)
The adder is charmed.
What are your orders? t - Shout!
Orders for allies: a - Attack new target. p - Attack previous target. r - Retreat! s - Stop attacking. g - Guard the area. f - Follow me.
Anything else - Cancel.
Gang up on whom?
Press: ? - help, Dir - move target, f - ice beast, p - adder
Aim: an ice beast (petrified) Attack!
Your adder bites the ice beast but does no damage.
Your adder bites the ice beast but does no damage.
Found a scroll labelled DYR FOFUTWIEN.
Your adder bites the ice beast.
Your adder bites the ice beast.
Your adder completely misses the ice beast.
There is a stone staircase leading up here.
You climb upwards.
The kobold shouts!
You hear an angry hiss. x2
The kobold throws a poisoned dart.
The poisoned dart hits you!
You are lethally poisoned!
The quokka barely misses you.
The kobold throws a poisoned dart.
The poisoned dart barely misses you.
Found 13 stones.
There is a stone staircase leading down here.
There is a lethal amount of poison in your body!
It was a potion of might.
You feel very mighty all of a sudden.
* * * LOW HITPOINT WARNING * * *
You feel very sick.
An adder comes into view.
The quokka bites you.
You die...

#####
##.#.#.#.#
#.rw......
#@#
#.........
##.#.#.#.#
...... #.#
#.# ..K
.(S #.#
#.# ... ..


You could see a worm, an adder (wandering), a quokka and a kobold.

Vanquished Creatures
  2 scorpions (D:5)
  A hound (D:4)
  A centaur skeleton (D:5)
  Jessica (D:2)
  An iguana (D:4)
  Robin (D:3)
  4 gnolls
  3 adders
  2 worms
  2 dart slugs (D:1)
  3 ball pythons (D:2)
  6 endoplasms
  3 giant cockroaches (D:3)
  8 hobgoblins
  2 quokkas
  5 bats
  7 frilled lizards
  13 goblins
  3 kobolds (D:1)
  8 rats
76 creatures vanquished.

Vanquished Creatures (collateral kills)
  An iguana (D:4)
  An adder skeleton (D:4)
  A giant cockroach (D:4)
  A hobgoblin (D:4)
  A kobold (D:4)
5 creatures vanquished.

Vanquished Creatures (others)
  A scorpion (D:5)
  A hound (D:4)
2 creatures vanquished.

Grand Total: 83 creatures vanquished

Notes
Turn   | Place    | Note
-------+----------+-------------------------------------------
     0 | D:1      | bearlyready the Demonspawn Artificer began the quest for
                  | the Orb.
     0 | D:1      | Reached XP level 1. HP: 15/15 MP: 1/1
   503 | D:1      | Gained mutation: You regenerate magic rapidly. [demonic
                  | ancestry]
   503 | D:1      | Reached XP level 2. HP: 21/21 MP: 2/2
  1004 | D:1      | Reached skill level 2 in Fighting
  1173 | D:1      | Found a faded altar of an unknown god.
  1509 | D:2      | Gained mutation: You are partially covered in molten
                  | scales. (AC +2) [demonic ancestry]
  1509 | D:2      | Reached XP level 3. HP: 27/27 MP: 3/3
  1871 | D:2      | Reached XP level 4. HP: 15/34 MP: 4/4
  2141 | D:2      | Noticed Jessica
  2144 | D:2      | Reached skill level 3 in Fighting
  2153 | D:2      | Killed Jessica
  2581 | D:2      | Found a snail-covered altar of Cheibriados.
  2931 | D:2      | Reached skill level 4 in Fighting
  3262 | D:3      | Noticed Robin
  3270 | D:3      | Gained mutation: You have a pair of small horns on your
                  | head. [demonic ancestry]
  3270 | D:3      | Reached XP level 5. HP: 28/42 MP: 5/5
  3644 | D:3      | Killed Robin
  3807 | D:3      | Found a snail-covered altar of Cheibriados.
  3813 | D:3      | Found a basalt altar of Yredelemnul.
  4501 | D:4      | Reached skill level 5 in Fighting
  4723 | D:4      | Noticed an ice beast
  4750 | D:4      | Reached XP level 6. HP: 41/51 MP: 6/6
  4828 | D:5      | Entered Level 5 of the Dungeon
  4829 | D:5      | Noticed an ice beast
  4863 | D:5      | Reached skill level 6 in Fighting
  4883 | D:5      | HP: 2/53 [poisoned by a scorpion]
  4886 | D:5      | Noticed an ice beast
  4892 | D:5      | Noticed a sky beast
  4904 | D:4      | HP: 2/53 [poisoned by a kobold]
  4904 | D:4      | Slain by a quokka

Illustrated notes

Levels and vault maps discovered:
D:1:      psy_arrival_basics, layout_rooms, shapermc_ecumenical_altar_gd,
          minmay_tripent
D:2:      minmay_alternating_diamond, layout_basic, basic_altar,
          wander_ebering_terrifying_dragon_lair, uniq_jessica
D:3:      layout_loops_ring, yredelemnul_altar_generic, old_standard_altar,
          uniq_robin
D:4:      layout_loops_ring, gammafunk_temple_overflow_forgotten, st_stairs_10
D:5:      layout_basic, zin_statuary, palyth_stone_intersect

Skill      XL: |  1  2  3  4  5  6 |
---------------+-------------------+-----
Fighting       | 2 4 5 6 |  6.6
Evocations     | 4 |  4.0
Armour         | |  1.7
Dodging        | |  0.8
Stealth        | |  0.8

Action                   |  1- 3 |  4- 6 || total
-------------------------+-------+-------++-------
Melee: Dagger            |   105 |   209 ||   314
       Headbutt          |       |    17 ||    17
       Short sword       |       |     7 ||     7
Throw: Stone             |       |     1 ||     1
Evoke: Wand              |    12 |    14 ||    26
       Piece from Xom's  |    11 |     4 ||    15
  Use: Potion            |       |     1 ||     1
 Stab: Sleeping          |     1 |     1 ||     2
       Confused          |     4 |       ||     4
       Paralysed         |     4 |       ||     4
Armor: Leather armour    |    22 |    60 ||    82
       Animal skin       |       |    32 ||    32
Dodge: Dodged            |    46 |   135 ||   181

Table legend: (Time is in decaauts)
 A = Elapsed time spent in this place.
 B = Non-inter-level travel time spent in this place.
 C = Inter-level travel time spent in this place.
 D = Time resting spent in this place.
 E = Time spent auto-exploring this place.
 F = Levels seen in this place.
 G = Mean time per level.
                   A        B        C        D        E       F      G
               +--------+--------+--------+--------+--------+-----+--------+
         Total |   4838 |   4695 |    143 |   1035 |   2773 |   5 |  967.6 |
       Dungeon |   4838 |   4695 |    143 |   1035 |   2773 |   5 |  967.6 |
               +--------+--------+--------+--------+--------+-----+--------+

Top non-repeatable levels by time:
     D:2: 1875 daAuts
     D:1: 1670 daAuts
     D:3: 881 daAuts
     D:4: 334 daAuts
     D:5: 75 daAuts
